 Dungeon Crawl Stone Soup version 0.30-a0-360-g447f08457e (webtiles) character file.

Game seed: 17236455572518365151

13759 experimilk the Destroyer (level 11, -8/89 HPs)
             Began as a White Draconian Conjurer on Nov 13, 2022.
             Was an Initiate of Gozag.
             Mangled by a centaur warrior simulacrum (13 damage)
             ... on level 11 of the Dungeon.
             The game lasted 00:39:41 (16766 turns).

experimilk the Destroyer (DrCj)                    Turns: 16766, Time: 00:39:43

Health: -8/89      AC: 11    Str: 10    XL:     11   Next: 79%
Magic:  10/21      EV: 15    Int: 25    God:    Gozag
Gold:   1197       SH:  0    Dex: 22    Spells: 4/23 levels left

rFire   . . .      SeeInvis +    e - staff of conjuration
rCold   + . .      Faith    .    (no shield)
rNeg    . . .      Spirit   .    (body armour unavailable)
rPois   +          Reflect  .    E - +0 hat {SInv}
rElec   .          Harm     .    (no cloak)
rCorr   .          Rampage  .    w - +3 pair of gloves of Bomacyne {Int+3}
Will    ++...                    (no boots)
Stlth   ++........               u - amulet of the acrobat
HPRegen 0.34/turn                n - ring "Jiculuam" {rPois Will++ Dex+6}
MPRegen 0.17/turn                m - +6 ring of dexterity

@: swift, quick
A: breathe frost, AC +7, unfitting armour, cold resistance 1, cold-blooded
a: Breathe Frost, Renounce Religion, Potion Petition, Call Merchant, Bribe
Branch


You were on level 11 of the Dungeon.
You worshipped Gozag.
Gozag was most pleased with you.
You visited 1 branch of the dungeon, and saw 11 of its levels.
You also visited: Gauntlet.

You collected 2080 gold pieces.
You paid 883 gold pieces to Gozag.

Inventory:

Hand Weapons
 b - a +0 falchion
 j - a +5 spear
Missiles
 d - 3 throwing nets
Armour
 w - the +3 pair of gloves of Bomacyne (worn) {Int+3}
   (You found it on level 9 of the Dungeon)

   Int:       It affects your intelligence (+3).
 A - the +0 hat of Compression {rF+ rC+ Dex+2 Stlth-}
   (You found it in a Gauntlet)

   Dex:       It affects your dexterity (+2).
   rF:        It protects you from fire.
   rC:        It protects you from cold.
   Stlth:     It makes you less stealthy.
 E - a +0 hat of see invisible (worn)
Magical Staves
 e - a staff of conjuration (weapon)
Jewellery
 m - a +6 ring of dexterity (right hand)
 n - the ring "Jiculuam" (left hand) {rPois Will++ Dex+6}
   (You found it on level 2 of the Dungeon)

   [ring of dexterity]

   Dex:       It affects your dexterity (+6).
   rPois:     It protects you from poison.
   Will:      It greatly increases your willpower.
 u - an amulet of the acrobat (around neck)
 x - an amulet of magic regeneration
 D - a ring of fire
Wands
 l - a wand of light (12)
 o - a wand of roots (14)
 r - a wand of digging (5)
 t - a wand of paralysis (4)
 C - a wand of flame (13)
Scrolls
 f - a scroll of amnesia {unknown}
 i - 2 scrolls of fear
 k - a scroll of magic mapping
 q - a scroll of silence {unknown}
 v - a scroll of noise {unknown}
 y - a scroll of vulnerability {unknown}
 B - a scroll of teleportation
 F - a scroll of torment {unknown}
 G - a scroll of identify
Potions
 a - a potion of lignification
 c - a potion of cancellation
 g - 5 potions of mutation
 h - 3 potions of curing
 p - a potion of degeneration {unknown}
 s - 2 potions of attraction
 z - a potion of resistance {unknown}


   Skills:
 - Level 6.0 Fighting
 + Level 4.9 Dodging
 - Level 1.7 Stealth
 + Level 6.6 Spellcasting
 - Level 14.0 Conjurations
 * Level 9.2 Air Magic


You had 4 spell levels left.
You knew the following spells:

 Your Spells              Type           Power      Damage    Failure   Level
a - Lightning Bolt        Conj/Air       39%        1d58      1%          5
b - Magic Dart            Conj           100%       1d8       1%          1
q - Swiftness             Air            53%        N/A       1%          3
s - Airstrike             Air            26%        2d(4-20)  1%          4
x - Iskenderun's Mystic   Conj/Tloc      60%        2d13      4%          4
z - Searing Ray           Conj           100%       2d8       1%          2

Your spell library contained the following spells:

 Spells                   Type           Power      Damage    Failure   Level
 Kiss of Death            Conj/Necr      100%       2d13      1%          1
 Shock                    Conj/Air       100%       1d9       1%          1
 Momentum Strike          Conj/Tloc      100%       3d10      1%          2
 Poisonous Vapours        Pois/Air       62%        N/A       1%          2
 Dazzling Flash           Conj/Hex       100%       N/A       1%          3
 Fulminant Prism          Conj/Hex       30%        3d15      4%          4
 Blink                    Tloc           16%        N/A       11%         2
 Confusing Touch          Hex            8%         N/A       22%         3
 Lesser Beckoning         Tloc           16%        N/A       22%         3
 Spider Form              Tmut/Pois      8%         N/A       22%         3
 Dispel Undead            Necr           8%         3d8       56%         4
 Eringya's Noxious Bog    Tmut/Pois      4%         N/A       100%        6
 Fire Storm               Conj/Fire      30%        8d8       100%        9


Dungeon Overview and Level Annotations

Branches:
Dungeon (11/15)            Temple (0/1) D:4            Lair (0/5) D:10
Gauntlet (visited)
    Orc: D:9-12

Altars:
Dithmenos
Gozag
Ru
Trog
Yredelemnul

Shops:
D:9 [

Annotations:
D:8 Gastronok
D:9 3 runed translucent doors, Bediveer's ghost, novice MfGl


Innate Abilities, Weirdness & Mutations

You can breathe waves of freezing cold which knock back foes.
Your icy white scales are hard. (AC +7)
You cannot fit into any form of body armour.
Your flesh is cold resistant. (rC+)
You are cold-blooded and may be slowed by cold attacks.


Message History

A two-headed ogre comes into view. It is wielding two +0 giant clubs.
The two-headed ogre shouts in stereo!
You feel yourself slow down.
A centaur warrior simulacrum comes into view.
The two-headed ogre attacks as you move away!
The two-headed ogre misses you. The two-headed ogre barely misses you.
The centaur warrior simulacrum attacks as you move away!
The centaur warrior simulacrum hits you.
The centaur warrior simulacrum freezes you!
You resist.
The centaur warrior simulacrum closely misses you.
Found a stone staircase leading up.
The centaur warrior simulacrum misses you.
The centaur warrior simulacrum completely misses you.
You enter the shallow water.
Moving in this stuff is going to be slow.
The centaur warrior simulacrum hits you.
The centaur warrior simulacrum freezes you!
You resist.
* * * LOW HITPOINT WARNING * * *
The centaur warrior simulacrum completely misses you.
The centaur warrior simulacrum hits you.
* * * LOW HITPOINT WARNING * * *
The centaur warrior simulacrum freezes you!
You resist.
* * * LOW HITPOINT WARNING * * *
The centaur warrior simulacrum barely misses you.
Unknown command.
Casting: Lightning Bolt (dangerous; 1% risk of failure)
Confirm with . or Enter, or press ? or * to list all spells.
Okay, then.
Casting: Lightning Bolt (dangerous; 1% risk of failure)
Confirm with . or Enter, or press ? or * to list all spells.
You feel quick.
The centaur warrior simulacrum hits you.
* * * LOW HITPOINT WARNING * * *
The centaur warrior simulacrum freezes you!
You resist.
You die...
Your body crumbles into a pile of gold.

*$*,,** #.~.~~.~~~..####.#.# #.
,,,,,,* #.~..~(~.~....#*.#.# #.
,,,,,,* #....~.~~...#.#*.#.# #.
,****.###.~..~.~~...#.#*,#.# #.
,* *....~~.~≈~~..###.#*,*,* #. ,*
**##.~.~~~≈....OO.##.#.#####. .#
#..~~.~≈≈~.O.......#.......
.#****#.#~~~.~~.Z###############.
..,,,...........@# ####.
.#***########$##.# #[.<. .#
#h##.# *****##### .# #.##.#
**,,,****
.############.##<#*****,,,,,*,***
<)h.Yh.........#..,,,**,,∩,,,,,,*
##.##########........**,,,,,,***,
#.# #.#######***,,,*,* **
#.#********#.# *******


You could see a two-headed ogre and a centaur warrior simulacrum.

Vanquished Creatures
  Erolcha (D:9)
  A centaur warrior (D:9)
  A catoblepas (Gauntlet)
  A death scarab (Gauntlet)
  3 two-headed ogres
  A spectral boulder beetle (Gauntlet)
  Joseph (D:7)
  Maggie (D:6)
  A tengu conjurer (D:9)
  2 trolls
  A polar bear (D:11)
  A slime creature (D:9)
  A centaur simulacrum (D:11)
  A wyvern (D:7)
  22 yaks
  A vampire mosquito (D:9)
  A steam dragon (D:8)
  Menkaure (D:7)
  An acid dragon (Gauntlet)
  3 water moccasins
  6 orc warriors
  A black bear (D:7)
  A sky beast (D:7)
  A wolf (D:11)
  3 ogres
  3 ice beasts
  3 kobold brigands
  2 bullfrogs
  A necrophage (D:6)
  4 scorpions
  4 wights (D:7)
  3 howler monkeys (D:10)
  3 electric eels
  6 orc priests
  3 hounds
  A gnoll bouda (D:8)
  3 jellies
  Ijyb (D:5)
  5 iguanas
  5 orc wizards
  7 gnolls
  7 adders
  A white imp (D:6)
  3 ufetubi (D:11)
  3 worms
  2 dart slugs
  33 orcs
  4 bats
  2 endoplasms (D:4)
  4 giant cockroaches
  7 goblins
  6 hobgoblins
  8 jackals (D:2)
  21 kobolds
  3 quokkas
  7 ball pythons
  3 frilled lizards
  5 rats
231 creatures vanquished.

Vanquished Creatures (others)
  17 fungi (D:10)
  19 plants
36 creatures vanquished.

Grand Total: 267 creatures vanquished

Notes
Turn   | Place    | Note
-------+----------+-------------------------------------------
     0 | D:1      | experimilk the Draconian Conjurer began the quest for the
                  | Orb.
     0 | D:1      | Reached XP level 1. HP: 14/14 MP: 3/3
   357 | D:1      | Reached XP level 2. HP: 18/20 MP: 0/5
   360 | D:1      | Learned a level 2 spell: Searing Ray
  1451 | D:2      | Reached skill level 5 in Conjurations
  1578 | D:2      | Reached XP level 3. HP: 26/26 MP: 2/6
  2084 | D:2      | Found a faded altar of an unknown god.
  2117 | D:2      | Identified the ring "Jiculuam" {rPois Will++ Dex+6}
  2242 | D:2      | Reached XP level 4. HP: 33/33 MP: 3/7
  2285 | D:2      | Learned a level 4 spell: Iskenderun's Mystic Blast
  2657 | D:3      | Found a basalt altar of Yredelemnul.
  2657 | D:3      | Found an opulent altar of Gozag.
  2661 | D:3      | Found a bloodstained altar of Trog.
  2666 | D:3      | Became a worshipper of Gozag Ym Sagoz the Greedy
  2718 | D:3      | Reached skill level 6 in Conjurations
  3129 | D:3      | Reached XP level 5. HP: 38/38 MP: 4/8
  3578 | D:4      | Identified the +6 short sword "Xoutubu" {freeze, rF- rN++
                  | Str+4 SInv}
  3857 | D:4      | Noticed an ogre
  3861 | D:4      | Killed an ogre
  3862 | D:4      | Reached skill level 7 in Conjurations
  3862 | D:4      | Reached XP level 6. HP: 45/45 MP: 3/9
  4163 | D:4      | Identified the +1 leather armour "Zuusam" {rCorr Int+2}
  4190 | D:4      | Found a staircase to the Ecumenical Temple.
  4407 | D:4      | Reached skill level 8 in Conjurations
  4600 | D:5      | Entered Level 5 of the Dungeon
  4871 | D:5      | Your scales start taking on an icy white colour.
  4871 | D:5      | Reached XP level 7. HP: 47/50 MP: 1/10
  4871 | D:5      | Gained mutation: Your flesh is cold resistant. (rC+) [White
                  | Draconian growth]
  5042 | D:5      | Noticed Ijyb
  5052 | D:5      | Killed Ijyb
  5453 | D:6      | Reached skill level 9 in Conjurations
  5617 | D:6      | Noticed Maggie
  5636 | D:6      | Killed Maggie
  5637 | D:6      | Reached skill level 10 in Conjurations
  5637 | D:6      | Reached XP level 8. HP: 9/58 MP: 2/11
  5835 | D:6      | Reached skill level 1 in Fighting
  6089 | D:6      | Found a shadowy altar of Dithmenos.
  6411 | D:6      | Reached skill level 11 in Conjurations
  6688 | D:7      | Noticed Menkaure
  6691 | D:7      | Killed Menkaure
  6967 | D:7      | Noticed Joseph
  7737 | D:7      | Reached skill level 12 in Conjurations
  7911 | D:7      | Reached XP level 9. HP: 67/67 MP: 2/12
  8480 | D:7      | Killed Joseph
  8949 | D:8      | Got the Catalogue of the Birds and Intoxication
  9171 | D:8      | Reached skill level 13 in Conjurations
  9520 | D:7      | Learned a level 5 spell: Lightning Bolt
  9531 | D:8      | Reached skill level 1 in Air Magic
  9537 | D:8      | Reached XP level 10. HP: 50/78 MP: 0/16
 10142 | D:8      | Noticed Gastronok
 11208 | D:8      | Reached skill level 14 in Conjurations
 11635 | D:9      | Noticed Erolcha
 11639 | D:9      | Killed Erolcha
 11640 | D:9      | Reached skill level 5 in Air Magic
 11752 | D:9      | Learned a level 3 spell: Swiftness
 11774 | D:9      | Noticed a two-headed ogre
 11777 | D:9      | Killed a two-headed ogre
 11977 | D:9      | Noticed a centaur warrior
 11992 | D:9      | Killed a centaur warrior
 12110 | D:9      | Identified the +2 flail of the Nexus {speed, rElec rC+}
 12170 | D:9      | Reached XP level 11. HP: 30/85 MP: 1/17
 12355 | D:9      | Identified the +3 pair of gloves of Bomacyne {Int+3}
 12505 | D:9      | Found a runed translucent gate.
 12505 | D:9      | Found a runed translucent gate.
 12505 | D:9      | Found a runed translucent gate.
 12508 | D:9      | Identified the +0 chain mail "Kycoad" {-Tele Regen+ Str+2}
 12833 | D:9      | Found Qesualan's Armour Shop.
 12972 | D:9      | Noticed Bediveer's ghost (novice MfGl)
 13470 | D:10     | Entered Level 10 of the Dungeon
 13470 | D:10     | Noticed a two-headed ogre
 13477 | D:10     | Killed a two-headed ogre
 13478 | D:10     | Reached skill level 5 in Fighting
 14196 | D:10     | Learned a level 4 spell: Airstrike
 14209 | D:10     | Reached skill level 5 in Spellcasting
 15317 | D:10     | Found a staircase to the Lair.
 15490 | D:11     | Noticed a two-headed ogre
 15493 | D:11     | Killed a two-headed ogre
 15650 | D:11     | Found a gate leading to a gauntlet.
 15658 | Gauntlet | Entered a Gauntlet
 15658 | Gauntlet | Noticed a death scarab
 15658 | Gauntlet | Found a transporter.
 15658 | Gauntlet | Found a transporter.
 15824 | Gauntlet | Found a transporter.
 15826 | Gauntlet | Found a transporter.
 15832 | Gauntlet | Found a runed translucent gate.
 15834 | Gauntlet | Found a transporter.
 15835 | Gauntlet | Found a runed translucent gate.
 15836 | Gauntlet | Found a runed translucent gate.
 15837 | Gauntlet | Found a transporter.
 15840 | Gauntlet | Noticed a catoblepas
 15845 | Gauntlet | Found a transporter.
 15864 | Gauntlet | Found a transporter.
 15883 | Gauntlet | Found a transporter.
 15885 | Gauntlet | Found a transporter.
 15886 | Gauntlet | Noticed an oklob plant
 15895 | Gauntlet | Found a transporter.
 15898 | Gauntlet | Found a transporter.
 15944 | Gauntlet | Killed a death scarab
 16165 | Gauntlet | Noticed an oklob plant
 16624 | Gauntlet | Identified the +0 hat of Compression {rF+ rC+ Dex+2 Stlth-}
 16629 | Gauntlet | Noticed a minotaur
 16632 | Gauntlet | Killed a catoblepas
 16649 | Gauntlet | Identified the +3 broad axe "Qeabup Lonu" {spect, rElec rN+
                  | Will- Dex+4}
 16650 | Gauntlet | Got Lecherep's Handbook of Incandescent Feathers
 16709 | D:11     | Found a sacrificial altar of Ru.
 16710 | D:11     | Noticed a two-headed ogre
 16721 | D:11     | Noticed a two-headed ogre
 16766 | D:11     | Mangled by a centaur warrior simulacrum

Illustrated notes

Levels and vault maps discovered:
D:1:      spicycebolla_arrival_clurvy, layout_loops_corners
D:2:      layout_loops_corners, hellmonk_ecumenical_altar_run_dry
D:3:      layout_basic, minitemple
D:4:      corexii_shack_village, layout_loops_cross, temple_hall, serial_glass,
          glass_columns_b, glass_columns_a, minmay_distorted
D:5:      layout_basic, uniq_ijyb
D:6:      layout_rooms, nicolae_dithmenos_the_darkroom, uniq_maggie
D:7:      layout_rooms, corexii_leaking_fountain, kennysheep_big_empty_room,
          uniq_menkaure, uniq_joseph
D:8:      layout_basic, grunt_ministairs_1, minmay_fountain_box,
          hangedman_decor_peaks_small, serial_park_tiny_2, uniq_gastronok
D:9:      layout_loops_corners, serial_shops, shop, biasface_ghost_orc_armoury,
          minmay_diamond_spiral, uniq_erolcha
D:10:     layout_basic, grunt_lair_entry_orc_guard_hut
D:11:     layout_loops_ring, serial_ice, serial_ice_d, serial_ice_j,
          serial_ice_m, serial_ice_b, serial_ice_e, serial_ice_o,
          portal_ice_cave_entry_animals_and_master, enter_trove_5,
          gauntlet_entry_generic, nicolae_ru_sacrificial_ziggurat

Skill      XL: |  1  2  3  4  5  6  7  8  9 10 11 |
---------------+----------------------------------+-----
Conjurations   | 5 6 7 8 10 12 13 14 | 14.0
Dodging        | 2 4 |  4.9
Fighting       | 2 4 6 |  6.0
Spellcasting   | 4 6 |  6.6
Air Magic      | 1 6 9 |  9.2
Stealth        | |  1.7

Action                   |  1- 3 |  4- 6 |  7- 9 | 10-12 || total
-------------------------+-------+-------+-------+-------++-------
Melee: Falchion          |    10 |       |       |       ||    10
       Tailslap          |     1 |       |       |    17 ||    18
       Spear             |    11 |     8 |    24 |     4 ||    47
       Punch             |       |       |     1 |     2 ||     3
       Staff             |       |       |       |    84 ||    84
 Cast: Magic Dart        |    62 |    71 |    92 |    47 ||   272
       Searing Ray       |     4 |    13 |    40 |    40 ||    97
       Iskenderun's Myst |       |       |     8 |     8 ||    16
       Lightning Bolt    |       |       |       |    44 ||    44
       Airstrike         |       |       |       |     6 ||     6
       Swiftness         |       |       |       |     1 ||     1
Invok: Potion Petition   |       |       |       |     2 ||     2
 Abil: Breathe Frost     |       |       |     5 |    12 ||    17
Evoke: Wand              |       |       |       |     3 ||     3
  Use: Scroll            |       |     5 |     5 |     5 ||    15
       Potion            |       |       |     2 |       ||     2
 Stab: Distracted        |       |       |       |     1 ||     1
Armor: Skin              |    10 |     9 |    23 |    61 ||   103
Dodge: Dodged            |    19 |    12 |    49 |   189 ||   269

Table legend: (Time is in decaauts)
 A = Elapsed time spent in this place.
 B = Non-inter-level travel time spent in this place.
 C = Inter-level travel time spent in this place.
 D = Time resting spent in this place.
 E = Time spent auto-exploring this place.
 F = Levels seen in this place.
 G = Mean time per level.
                   A        B        C        D        E       F      G
               +--------+--------+--------+--------+--------+-----+--------+
         Total |  16777 |  16271 |    506 |   6722 |   6853 |  12 | 1398.1 |
       Dungeon |  15781 |  15275 |    506 |   5949 |   6853 |  11 | 1434.6 |
      Gauntlet |    995 |    995 |      0 |    773 |      0 |   1 |  995.0 |
               +--------+--------+--------+--------+--------+-----+--------+

Top non-repeatable levels by time:
     D:7: 3056 daAuts
     D:9: 2489 daAuts
     D:6: 1944 daAuts
     D:2: 1440 daAuts
    D:10: 1438 daAuts
     D:8: 1200 daAuts
     D:4: 1184 daAuts
     D:1: 1158 daAuts
Gauntlet: 995 daAuts
     D:3: 819 daAuts
     D:5: 816 daAuts
    D:11: 234 daAuts
